 Dungeon Crawl Stone Soup version 0.20.1-1-g8b1a95d (webtiles) character file.

2497 tmwrnj the Cleaver (level 9, 0/79 HPs)
             Began as a Hill Orc Fighter on Nov 9, 2017.
             Slain by a two-headed ogre
             ... wielding a cursed -1 giant spiked club
              (11 damage)
             ... on level 9 of the Dungeon.
             The game lasted 00:13:52 (7656 turns).

tmwrnj the Cleaver (Hill Orc Fighter)               Turns: 7656, Time: 00:13:53

Health: 0/79       AC: 12    Str: 19    XL:     9   Next: 52%
Magic:  9/9        EV:  7    Int:  8    God:
Gold:   423        SH: 10    Dex: 13    Spells: 8/8 levels left

rFire    . . .     SeeInvis .   a - +0 war axe
rCold    . . .     Gourm    .   c - +0 shield
rNeg     . . .     Faith    .   u - +0 chain mail
rPois    .         Spirit   .   o - +0 helmet
rElec    .         Reflect  .   (no cloak)
rCorr    .         Harm     .   K - +0 pair of gloves
MR       .....                  (no boots)
Stlth    ..........             (no amulet)
Regen    0.3/turn               (no ring)
MPRegen  0.2/turn               (no ring)

@: no status effects
A: no striking features
a: no special abilities


You were on level 9 of the Dungeon.
You were hungry.

You visited 1 branch of the dungeon, and saw 9 of its levels.

You collected 423 gold pieces.

Inventory:

Hand Weapons
 a - a +0 war axe (weapon)
Armour
 c - a +0 shield (worn)
 o - a +0 helmet (worn)
 u - a +0 chain mail (worn)
 v - a +2 pair of gloves
 K - a +0 pair of gloves (worn)
Jewellery
 g - an uncursed amulet of guardian spirit {unknown}
 h - an uncursed ring of magical power {unknown}
 n - a +1 ring of protection {unknown}
 q - a cursed -3 ring of dexterity {unknown}
 w - an uncursed ring of flight {unknown}
 F - an uncursed ring of stealth {unknown}
Wands
 y - a wand of polymorph (13/24)
 B - a wand of confusion (19/48)
 E - a wand of paralysis (9/24)
 L - a wand of clouds (5/9)
Scrolls
 b - 6 scrolls of identify
 e - a scroll of amnesia
 i - 2 scrolls of teleportation
 j - 2 scrolls of blinking
 k - a scroll of remove curse {unknown}
 p - a scroll of enchant weapon {unknown}
 A - a scroll of magic mapping {unknown}
 C - a scroll of fear {unknown}
 H - a scroll of recharging {unknown}
 J - a scroll of brand weapon {unknown}
Potions
 d - a potion of might
 l - a potion of magic {unknown}
 m - a potion of lignification {unknown}
 r - a potion of heal wounds {unknown}
 t - 5 potions of curing
 x - 2 potions of haste {unknown}
 z - a potion of cancellation {unknown}
 D - a potion of agility {unknown}
Books
 G - a book of Misfortune

   Spells                             Type                      Level
   a - Confusing Touch                Hexes                        1
   b - Confuse                        Hexes                        3
   c - Gell's Gravitas                Translocation                3
   d - Petrify                        Transmutation/Earth          4
   e - Metabolic Englaciation         Hexes/Ice                    5
   f - Yara's Violent Unravelling     Hexes/Transmutation          5
Comestibles
 f - 11 bread rations
 s - 2 meat rations
 I - 2 chunks of flesh


   Skills:
 + Level 7.3 Fighting
 + Level 10.6 Axes
 + Level 6.4 Armour
 + Level 2.0 Dodging
 + Level 0.6 Stealth
 + Level 7.0 Shields


You had 8 spell levels left.
You didn't know any spells.

Dungeon Overview and Level Annotations

Branches:
Dungeon (9/15)             Temple (0/1) D:5
   Lair: D:8-11         Orc: D:9-12

Altars:
Elyvilon
Gozag
Hepliaklqana
Nemelex Xobeh
Vehumet

Annotations:
D:8 Joseph


Message History

The two-headed ogre hits you with a giant spiked club!!
You block the two-headed ogre's attack.
You closely miss the two-headed ogre. You hit the two-headed ogre.
The two-headed ogre is lightly wounded.
The two-headed ogre hits you but does no damage. x2
You slash the two-headed ogre!
The two-headed ogre is moderately wounded.
The two-headed ogre closely misses you.
The two-headed ogre hits you but does no damage.
You hit the two-headed ogre but do no damage.
The two-headed ogre is lightly wounded.
The two-headed ogre barely misses you.
The two-headed ogre hits you with a giant club.
You hit the two-headed ogre but do no damage.
The two-headed ogre is lightly wounded.
The two-headed ogre hits you with a giant spiked club!!
* * * LOW HITPOINT WARNING * * *
The two-headed ogre hits you with a giant club!
You die...

#.......# #....
#.......# #....
#.......# +....
#.......# #....
#.......+ #....
+....)..# #....
######.......#
#....
"......O.....#
#....
.######@######
#.... #..###
#.... ##...#
##### ###.######
#... #........#
###.## #........#
#..... #.)......#
#.....
#..###########...
#.(#≈≈≈≈≈≈≈≈≈#...


You could see a two-headed ogre.

Vanquished Creatures
  A basilisk (D:9)
  Menkaure (D:7)
  2 phantoms (D:5)
  A black bear (D:6)
  6 centaurs
  3 ogres
  5 bullfrogs
  2 scorpions
  3 wights (D:6)
  4 crimson imps
  A howler monkey (D:4)
  A bullfrog zombie (D:5)
  An orc wizard (D:6)
  Jessica (D:2)
  Ijyb (D:5)
  7 worker ants
  2 killer bee zombies
  Robin (D:2)
  4 gnolls
  6 adders
  A shadow imp (D:6)
  2 oozes
  An adder skeleton (D:4)
  3 worms
  A dart slug (D:1)
  8 leopard geckos
  7 orcs
  5 bats
  2 giant cockroaches
  7 hobgoblins
  11 jackals
  7 kobolds
  5 quokkas
  2 ball pythons
  19 goblins
  2 jackal skeletons
  A quokka zombie (D:7)
  5 rats
142 creatures vanquished.

Notes
Turn   | Place    | Note
-------+----------+-------------------------------------------
     0 | D:1      | tmwrnj the Hill Orc Fighter began the quest for the Orb.
     0 | D:1      | Reached XP level 1. HP: 19/19 MP: 1/1
   140 | D:1      | Reached XP level 2. HP: 20/27 MP: 2/2
   148 | D:1      | Reached skill level 3 in Axes
   479 | D:1      | Reached XP level 3. HP: 27/33 MP: 3/3
   625 | D:2      | Noticed Jessica
   644 | D:2      | Killed Jessica
   716 | D:2      | Reached skill level 4 in Axes
   716 | D:2      | Reached XP level 4. HP: 39/40 MP: 4/4
  1277 | D:2      | Noticed Robin
  1286 | D:2      | Killed Robin
  1350 | D:2      | Reached XP level 5. HP: 46/46 MP: 5/5
  2304 | D:3      | Found a hazy altar of Hepliaklqana.
  2316 | D:3      | Reached skill level 5 in Axes
  2318 | D:3      | Found an opulent altar of Gozag.
  2334 | D:3      | Found a radiant altar of Vehumet.
  2612 | D:4      | Reached XP level 6. HP: 45/53 MP: 6/6
  3441 | D:5      | Entered Level 5 of the Dungeon
  3529 | D:5      | Reached skill level 5 in Fighting
  3529 | D:5      | Reached skill level 6 in Axes
  3548 | D:5      | Noticed a phantom
  3626 | D:6      | Reached skill level 5 in Shields
  3626 | D:6      | Reached XP level 7. HP: 45/61 MP: 7/7
  3654 | D:6      | Reached skill level 1 in Dodging
  3828 | D:5      | Found a sparkling altar of Nemelex Xobeh.
  4010 | D:5      | Reached skill level 7 in Axes
  4010 | D:5      | Reached skill level 5 in Armour
  4190 | D:5      | Reached XP level 8. HP: 69/69 MP: 8/8
  4341 | D:5      | Noticed Ijyb
  4381 | D:5      | Killed Ijyb
  4441 | D:5      | Found a staircase to the Ecumenical Temple.
  4839 | D:5      | Reached skill level 8 in Axes
  4870 | D:6      | You fall through a shaft for 3 floors!
  4991 | D:8      | Found Isybb's Weapon Boutique.
  4999 | D:8      | Noticed a two-headed ogre
  5020 | D:7      | Reached skill level 9 in Axes
  5464 | D:6      | Reached XP level 9. HP: 71/78 MP: 9/9
  5770 | D:6      | Reached skill level 10 in Axes
  6009 | D:7      | Noticed Menkaure
  6017 | D:7      | Killed Menkaure
  7251 | D:8      | Found a white marble altar of Elyvilon.
  7318 | D:8      | Noticed Joseph
  7647 | D:9      | Noticed a two-headed ogre
  7656 | D:9      | Slain by a two-headed ogre

Skill      XL: |  1  2  3  4  5  6  7  8  9 |
---------------+----------------------------+-----
Axes           | 3 4 5 6 7 9 10 | 10.6
Fighting       | 4 5 6 7 |  7.3
Shields        | 4 5 6 7 |  7.0
Armour         | 4 5 6 |  6.4
Dodging        | 1 2 |  2.0
Stealth        | |  0.6

Action                   |  1- 3 |  4- 6 |  7- 9 || total
-------------------------+-------+-------+-------++-------
Melee: War axe           |    82 |   235 |   350 ||   667
  Use: Scroll            |       |     1 |     3 ||     4
  Eat: Chunk             |       |     9 |     9 ||    18
       Royal jelly       |       |       |     2 ||     2
Armor: Scale mail        |    44 |    59 |       ||   103
       Chain mail        |       |    79 |   164 ||   243
Dodge: Dodged            |    24 |    56 |    87 ||   167
Block: Shield            |    35 |   133 |   185 ||   353
